2164 views
Uploaded 2024-05-18 15:06:35
Game version 1.36 (6115)
27:24 long 1on1 custom game on (2)PlunderIsle_LV
Game name "123stg"
Saved by VladStg
2164 views
Uploaded 2024-05-18 15:06:35
Game version 1.36 (6115)
27:24 long 1on1 custom game on (2)PlunderIsle_LV
Game name "123stg"

49 units @ 7.4k
/ 0.9k
31 buildings @ 4k
/ 2k


| Scroll of Regeneration | 3 | 300 |
| Lesser Clarity Potion | 2 | 140 |
| Potion of Healing | 3 | 450 |
| Scroll of Town Portal | 3 | 1050 |
| total: | 11 | 1940g |
| Peasant | 17 | 1275 | / | 0 |
| Footman | 5 | 675 | / | 0 |
| Rifleman | 10 | 2050 | / | 300 |
| Priest | 5 | 675 | / | 50 |
| Sorceress | 3 | 465 | / | 60 |
| Knight | 4 | 980 | / | 240 |
| Gryphon Rider | 3 | 840 | / | 210 |
| Dragonhawk Rider | 2 | 400 | / | 60 |
| total: | 49 | 7360g | / | 920w |
| Scout Tower | 6 | 180 | / | 120 |
| Arcane Tower | 2 | 140 | / | 100 |
| Guard Tower | 4 | 280 | / | 200 |
| Altar of Kings | 1 | 180 | / | 50 |
| Farm | 11 | 880 | / | 220 |
| Barracks | 1 | 160 | / | 60 |
| Arcane Vault | 1 | 130 | / | 30 |
| Lumber Mill | 1 | 120 | / | 0 |
| Blacksmith | 2 | 280 | / | 120 |
| Town Hall | 4 | 1540 | / | 820 |
| Arcane Sanctum | 2 | 300 | / | 280 |
| Gryphon Aviary | 2 | 280 | / | 300 |
| Keep | 1 | 320 | / | 210 |
| Castle | 1 | 360 | / | 210 |
| total: | 31 | 4050g | / | 2000w |
| 0:03 | Peasant |
| 0:03 | Peasant |
| 0:08 | Altar of Kings |
| 0:16 | Farm |
| 0:20 | Peasant |
| 0:35 | Barracks |
| 0:39 | Peasant |
| 0:48 | Peasant |
| 0:55 | Scout Tower |
| 0:57 | Peasant |
| 1:19 | Peasant |
| 1:30 | Farm |
| 1:36 | Footman |
| 1:52 | Farm |
| 1:59 | Footman |
| 1:59 | Footman |
| 2:18 | Summon Water Elemental |
| 2:37 | Peasant |
| 2:38 | Footman |
| 2:47 | Arcane Tower |
| 3:19 | Arcane Vault |
| 3:22 | Peasant |
| 3:43 | Lumber Mill |
| 3:46 | Blacksmith |
| 3:53 | Blacksmith |
| 3:59 | Brilliance Aura |
| 4:03 | Footman |
| 4:48 | Peasant |
| 4:50 | Improved Lumber Harvesting |
| 5:20 | Keep |
| 5:35 | Scout Tower |
| 5:48 | Scout Tower |
| 5:52 | Town Hall |
| 6:23 | Guard Tower |
| 6:24 | Arcane Tower |
| 6:27 | Farm |
| 6:44 | Farm |
| 7:22 | Rifleman |
| 7:29 | Scout Tower |
| 7:37 | Rifleman |
| 7:48 | Farm |
| 7:52 | Rifleman |
| 7:54 | Peasant |
| 7:56 | Scout Tower |
| 7:57 | Peasant |
| 8:02 | Scroll of Regeneration |
| 8:02 | Lesser Clarity Potion |
| 8:12 | Guard Tower |
| 8:17 | Rifleman |
| 8:24 | Guard Tower |
| 8:26 | Peasant |
| 8:28 | Peasant |
| 8:29 | Peasant |
| 8:29 | Peasant |
| 8:52 | Rifleman |
| 9:09 | Scout Tower |
| 9:33 | Arcane Sanctum |
| 9:38 | Arcane Sanctum |
| 10:18 | Summon Lava Spawn |
| 10:30 | Farm |
| 10:31 | Farm |
| 10:34 | Guard Tower |
| 10:59 | Priest |
| 10:59 | Priest |
| 11:12 | Long Rifles |
| 11:13 | Rifleman |
| 11:17 | Scroll of Regeneration |
| 11:19 | Lesser Clarity Potion |
| 11:20 | Scroll of Town Portal |
| 11:26 | Sorceress |
| 11:27 | Sorceress |
| 11:27 | Priest Adept Training |
| 11:37 | Rifleman |
| 11:43 | Advanced Lumber Harvesting |
| 12:01 | Sorceress |
| 12:04 | Farm |
| 12:42 | Priest |
| 13:13 | Scroll of Town Portal |
| 13:14 | Potion of Healing |
| 13:14 | Scroll of Regeneration |
| 13:21 | Rifleman |
| 13:22 | Iron Forged Swords |
| 13:23 | Iron Plating |
| 13:38 | Peasant |
| 14:08 | Rifleman |
| 14:09 | Castle |
| 14:24 | Summon Water Elemental |
| 14:26 | Rifleman |
| 14:45 | Town Hall |
| 16:25 | Town Hall |
| 16:42 | Incinerate |
| 17:56 | Animal War Training |
| 17:57 | Knight |
| 18:13 | Gryphon Aviary |
| 18:17 | Gryphon Aviary |
| 18:19 | Steel Plating |
| 19:06 | Knight |
| 19:07 | Knight |
| 19:52 | Brilliance Aura |
| 20:07 | Priest |
| 20:22 | Knight |
| 20:26 | Storm Hammers |
| 20:27 | Gryphon Rider |
| 21:06 | Potion of Healing |
| 21:08 | Potion of Healing |
| 21:28 | Priest |
| 21:33 | Gryphon Rider |
| 21:35 | Farm |
| 22:03 | Priest Master Training |
| 22:11 | Gryphon Rider |
| 22:25 | Scroll of Town Portal |
| 22:34 | Dragonhawk Rider |
| 22:36 | Dragonhawk Rider |
| 23:15 | Farm |
| 24:27 | Summon Lava Spawn |
| 25:05 | Town Hall |
| 25:40 | Summon Water Elemental |
| 26:05 | Incinerate |
| Right click | 2237 |
| Select group | 882 |
| Select | 465 |
| Use ability | 245 |
| Build/train/purchase | 168 |
| Assign group | 89 |
| Misc. action | 3 |
| Remove unit | 3 |
| Item give/drop | 1 |
32 units @ 5.8k
/ 0.8k
16 buildings @ 2.8k
/ 1.2k


| Healing Salve | 6 | 600 |
| Lesser Clarity Potion | 3 | 210 |
| Scroll of Speed | 3 | 150 |
| Scroll of Town Portal | 2 | 700 |
| total: | 14 | 1660g |
| Peon | 8 | 600 | / | 0 |
| Grunt | 6 | 1200 | / | 0 |
| Troll Headhunter | 1 | 140 | / | 20 |
| Raider | 6 | 1080 | / | 240 |
| Demolisher | 3 | 660 | / | 150 |
| Kodo Beast | 1 | 255 | / | 60 |
| Wind Rider | 7 | 1855 | / | 280 |
| total: | 32 | 5790g | / | 750w |
| Altar of Storms | 1 | 180 | / | 50 |
| Orc Burrow | 7 | 1120 | / | 280 |
| Barracks | 1 | 180 | / | 50 |
| Voodoo Lounge | 1 | 130 | / | 30 |
| War Mill | 1 | 205 | / | 0 |
| Great Hall | 1 | 385 | / | 185 |
| Beastiary | 4 | 580 | / | 560 |
| Stronghold | 1 | 315 | / | 190 |
| total: | 16 | 2780g | / | 1155w |
| 0:01 | Peon |
| 0:04 | Altar of Storms |
| 0:13 | Peon |
| 0:18 | Orc Burrow |
| 0:26 | Peon |
| 0:35 | Barracks |
| 0:45 | Peon |
| 1:04 | Peon |
| 1:18 | Peon |
| 1:28 | Orc Burrow |
| 1:36 | Peon |
| 1:44 | Grunt |
| 1:58 | Voodoo Lounge |
| 2:05 | Peon |
| 2:12 | Feral Spirit |
| 2:39 | Grunt |
| 3:00 | Stronghold |
| 3:16 | Healing Salve |
| 3:16 | Healing Salve |
| 3:18 | Lesser Clarity Potion |
| 3:43 | Chain Lighting |
| 3:54 | Grunt |
| 4:04 | Orc Burrow |
| 4:09 | War Mill |
| 4:49 | Grunt |
| 5:27 | Beastiary |
| 5:28 | Beastiary |
| 5:31 | Beastiary |
| 5:34 | Beastiary |
| 5:39 | Steel Melee Weapons |
| 5:40 | Troll Headhunter |
| 5:42 | Berserker Strength |
| 5:42 | Grunt |
| 6:14 | Scroll of Speed |
| 6:14 | Scroll of Town Portal |
| 6:35 | Raider |
| 6:35 | Ensnare |
| 8:02 | Orc Burrow |
| 8:06 | Orc Burrow |
| 8:08 | Thorium Melee Weapons |
| 8:11 | Endurance Aura |
| 8:26 | Feral Spirit |
| 9:00 | Raider |
| 9:00 | Raider |
| 10:12 | Demolisher |
| 10:12 | Demolisher |
| 10:15 | Steel Armor |
| 11:24 | Demolisher |
| 11:27 | Kodo Beast |
| 11:28 | Raider |
| 11:51 | Scroll of Speed |
| 11:52 | Lesser Clarity Potion |
| 11:57 | Healing Salve |
| 11:57 | Healing Salve |
| 14:06 | War Stomp |
| 14:30 | Grunt |
| 14:42 | Raider |
| 14:43 | Raider |
| 15:54 | Wind Rider |
| 15:55 | Wind Rider |
| 16:03 | Orc Burrow |
| 16:04 | Orc Burrow |
| 16:12 | Healing Salve |
| 16:40 | Scroll of Town Portal |
| 16:42 | Scroll of Speed |
| 18:00 | Chain Lighting |
| 19:35 | War Stomp |
| 20:12 | Wind Rider |
| 20:12 | Wind Rider |
| 20:15 | Wind Rider |
| 21:07 | Wind Rider |
| 22:08 | Great Hall |
| 23:22 | Feral Spirit |
| 25:41 | Wind Rider |
| 26:18 | Healing Salve |
| 26:20 | Lesser Clarity Potion |
| Right click | 2832 |
| Select group | 746 |
| Select | 581 |
| Misc. action | 154 |
| Build/train/purchase | 97 |
| Assign group | 95 |
| Use ability | 50 |
| Chat | 9 |
| Item give/drop | 3 |
| Remove unit | 2 |